AoeStats
← Ferkus

Arabia

509696505Analyzed
2v2 RM · 5d ago on Sep 27, 2026· 31m 42s· 4 players
Game mode
Random Map
Map size
Medium (4 player)
Population
200
Speed
Normal
Resources
Standard
Victory
Conquest
Starting age
Dark Age
Ending age
Imperial Age
RankedLock teamsTeams togetherTeam positionsShared explorationLock speedFull tech treeHidden civsTurbo modeCheats
Victory
Defeat
🇦🇷 Malay · Argentina
1312
+15
🇦🇷 Franks · Argentina
1209
+19
🇬🇧 Slavs · United Kingdom
1278
-17
🇬🇧 Danes · United Kingdom
1277
-17
gelas14
10:14 Feudal Age
10:10 Double-Bit Axe
12:13 Horse Collar
16:34 Fletching
16:38 Loom
18:26 Gold Mining
18:52 Padded Archer Armor
22:30 Castle Age
21:37 Crossbowman
22:12 Bodkin Arrow
22:55 Leather Archer Armor
24:11 Bow Saw
25:34 Town Watch
26:26 Ballistics
27:35 Thumb Ring
28:11 Wheelbarrow
28:55 Gold Shaft Mining
28:25 Stone Mining
Ferkus
7:42 Loom
9:57 Feudal Age
10:59 Double-Bit Axe
13:00 Fletching
17:41 Padded Archer Armor
23:21 Castle Age
23:33 Gold Mining
23:36 Stone Mining
23:53 Scale Barding Armor
23:59 Forging
23:42 Crossbowman
24:43 Husbandry
27:40 Town Watch
28:49 Chain Barding Armor
31:06 Iron Casting
30:37 Bodkin Arrow
31:23 Bow Saw
32:44 Gold Shaft Mining
dannyly2
7:03 Loom
9:04 Feudal Age
9:18 Man-at-Arms
12:54 Double-Bit Axe
14:33 Fletching
20:13 Castle Age
18:54 Padded Archer Armor
19:56 Stone Mining
21:10 Bodkin Arrow
21:40 Elite Skirmisher
23:15 Bow Saw
24:16 Horse Collar
26:07 Scale Mail Armor
27:07 Wheelbarrow
27:08 Chain Mail Armor
28:46 Arson
30:59 Ballistics
31:20 Leather Archer Armor
Johnifon
7:48 Loom
10:29 Feudal Age
13:12 Double-Bit Axe
21:21 Castle Age
20:00 Scale Barding Armor
20:59 Bloodlines
21:38 Horse Collar
24:21 Bow Saw
25:58 Gold Mining
27:55 Gold Shaft Mining
28:19 Detinets
Connection lost

Rejoining the realm…

Still unreachable

The connection could not be restored.

Session expired

The server has moved on; the page needs a fresh start.